 Seeded DCSS version 0.29-a0-520-gc852659d43 (webtiles) character file.

Game seed: 696969 (custom seed)

25 hquester1 the Shield-Bearer (level 2, 0/29 HPs)
             Began as a Troll Fighter on May 31, 2022.
             Slain by a kobold
             ... wielding a +0 club
              (1 damage)
             ... on level 1 of the Dungeon.
             The game lasted 00:01:54 (288 turns).

hquester1 the Shield-Bearer (Troll Fighter)          Turns: 288, Time: 00:01:56

Health: 0/29       AC:  4    Str: 23    XL:     2   Next: 82%
Magic:  1/1        EV:  8    Int:  4    God:
Gold:   30         SH:  7    Dex:  9    Spells: 1/1 levels left

rFire   . . .      SeeInvis .   a - +0 flail
rCold   . . .      Faith    .   c - +0 kite shield
rNeg    . . .      Spirit   .   b - +0 robe
rPois   .          Reflect  .   (helmet restricted)
rElec   .          Harm     .   (no cloak)
rCorr   .          Rampage  .   (gloves unavailable)
Will    .....                   (boots unavailable)
Stlth   +.........              (no amulet)
HPRegen 0.89/turn               (no ring)
MPRegen 0.07/turn               (no ring)

@: no status effects
A: large, unfitting armour, claws 3, regeneration 1, shaggy fur 1, tough skin 1
a: no special abilities


You were on level 1 of the Dungeon.
You visited 1 branch of the dungeon, and saw 2 of its levels.

You collected 30 gold pieces.

Inventory:

Hand Weapons
 a - a +0 flail (weapon)
Armour
 b - a +0 robe (worn)
 c - a +0 kite shield (worn)
Scrolls
 e - a scroll of immolation {unknown}
 f - a scroll of blinking {unknown}
Potions
 d - a potion of might


   Skills:
 + Level 2.7 Fighting
 + Level 2.1 Maces & Flails
 + Level 2.7 Dodging
 + Level 3.0 Shields


You had one spell level left.
You didn't know any spells.
Your spell library was empty.

Dungeon Overview and Level Annotations

Branches:
Dungeon (2/15)

Altars:


Innate Abilities, Weirdness & Mutations

You are too large for most types of armour.
You have claws for hands.
Your natural rate of healing is unusually fast.
You are covered in fur. (AC +1)
You have tough skin. (AC +1)


Message History

The frilled lizard hisses angrily.
You hit the dart slug.
You kill the dart slug!
You block the bat's attack. The kobold hits you but does no damage.
The bat hits you. The endoplasm attacks as you move away!
The endoplasm closely misses you. The kobold attacks as you move away!
The kobold hits you but does no damage. The bat hits you but does no damage.
You barely miss the bat.
The bat is moderately wounded.
The bat hits you but does no damage. The kobold hits you with a +0 club.
The endoplasm barely misses you.
You closely miss the bat.
The bat is moderately wounded.
The bat hits you but does no damage. You block the kobold's attack.
The endoplasm barely misses you. The kobold hits you with a +0 club.
The goblin hits you but does no damage. The endoplasm freezes you.
You are frozen.
You miss the goblin. The bat hits you but does no damage.
The goblin hits you but does no damage. The goblin completely misses you.
The endoplasm freezes you.
You are frozen.
Unknown command.
You thump the endoplasm!
You kill the endoplasm!
You block the bat's attack.
A kobold comes into view. It is wielding a +0 whip.
The kobold hits you but does no damage. The goblin hits you but does no damage.
The goblin hits you with a +0 dagger. The goblin hits you but does no damage.
You block the kobold's attack. The frilled lizard closely misses you.
The kobold closely misses you. The goblin hits you but does no damage.
Your Shields skill increases to level 3!
You closely miss the kobold. You block the bat's attack.
The kobold hits you with a +2 whip of distortion.
Space warps horribly around you!!
Ouch! That really hurt!
* * * LOW HITPOINT WARNING * * *
The goblin barely misses you. x2; The kobold hits you with a +0 club.
You die...

..........#..#.#
....................##..>.
....................##....
...K...#...##.......###...
.......#...##.......###...
............b.............
#.......................
#.....lg......†.........
#...†.K@..............##
#.....gK..#...........#
#.........#...........#
#.........#...........#
#######...#####.......#
#...# #.......# #...#
######### #####


You could see 2 goblins, a bat, 3 kobolds and a frilled lizard.

Vanquished Creatures
  A dart slug (D:1)
  A bat (D:1)
  3 endoplasms
  2 giant cockroaches (D:1)
  4 goblins
  3 kobolds
  A quokka (D:1)
  2 ball pythons (D:1)
  2 frilled lizards
  A rat (D:1)
20 creatures vanquished.

Notes
Turn   | Place    | Note
-------+----------+-------------------------------------------
     0 | D:1      | hquester1 the Troll Fighter began the quest for the Orb.
     0 | D:1      | Reached XP level 1. HP: 22/22 MP: 0/0
    70 | D:1      | You fall into a shaft and drop 1 floor!
    94 | D:2      | Reached XP level 2. HP: 20/29 MP: 1/1
   288 | D:1      | Reached skill level 3 in Shields
   288 | D:1      | HP: 1/29 [kobold/+2 whip of distortion (20)]
   288 | D:1      | Slain by a kobold

Illustrated notes

Levels and vault maps discovered:
D:1:      minmay_arrival_stair_chambers, layout_basic
D:2:      minmay_recursive_quarters, layout_basic, skrybe_limestone_x,
          uniq_sigmund, uniq_natasha

Skill      XL: |  1  2 |
---------------+-------+-----
Maces & Flails | 2 |  2.1
Shields        | 3 |  3.0
Fighting       | |  2.7
Dodging        | |  2.7

Action                   || total
-------------------------++-------
Melee: Flail             ||    69
Armor: Robe              ||    40
Dodge: Dodged            ||    43
Block: Kite shield       ||    47

Table legend: (Time is in decaauts)
 A = Elapsed time spent in this place.
 B = Non-inter-level travel time spent in this place.
 C = Inter-level travel time spent in this place.
 D = Time resting spent in this place.
 E = Time spent auto-exploring this place.
 F = Levels seen in this place.
 G = Mean time per level.
                   A        B        C        D        E       F      G
               +--------+--------+--------+--------+--------+-----+--------+
         Total |    317 |    317 |      0 |      0 |     86 |   2 |  158.5 |
       Dungeon |    317 |    317 |      0 |      0 |     86 |   2 |  158.5 |
               +--------+--------+--------+--------+--------+-----+--------+

Top non-repeatable levels by time:
     D:1: 230 daAuts
     D:2: 87 daAuts
